 Dungeon Crawl Stone Soup version 0.29.1-1-gd02db6906a (webtiles) character file.

Game seed: 12478888406378019002

256 Colgate the Trooper (level 6, -17/53 HPs)
             Began as a Formicid Hunter on Oct 3, 2022.
             Was a Follower of Trog.
             Demolished by an ogre
             ... wielding a +0 giant spiked club
              (27 damage)
             ... on level 4 of the Dungeon.
             The game lasted 00:09:16 (4334 turns).

Colgate the Trooper (Formicid Hunter)               Turns: 4334, Time: 00:09:17

Health: -17/53     AC:  4    Str: 22    XL:     6   Next: 39%
Magic:  6/6        EV: 12    Int:  8    God:    Trog [*.....]
Gold:   274        SH:  0    Dex: 19    Spells: 5/5 levels left

rFire   . . .      SeeInvis +   a - +0 shortbow
rCold   . . .      Faith    .   (no shield)
rNeg    . . .      Spirit   .   c - +0 leather armour
rPois   .          Reflect  .   (helmet unavailable)
rElec   .          Harm     .   q - +0 cloak
rCorr   .          Rampage  .   (no gloves)
Will    .....                   (no boots)
Stlth   ++........              (no amulet)
HPRegen 0.17/turn               f - +6 ring of strength
MPRegen 0.10/turn               (no ring)

@: no status effects
A: permanent stasis, dig shafts and tunnels, antennae 3, four strong arms
a: Dig, Shaft Self, Renounce Religion


You were on level 4 of the Dungeon.
You worshipped Trog.
Trog was aware of your devotion.
You visited 1 branch of the dungeon, and saw 4 of its levels.

You collected 274 gold pieces.

Inventory:

Hand Weapons
 a - a +0 shortbow (weapon)
 b - a +2 dagger of venom
Armour
 c - a +0 leather armour (worn)
 q - a +0 cloak (worn)
Jewellery
 f - a +6 ring of strength (left hand)
Scrolls
 d - 2 scrolls of poison {unknown}
 g - 2 scrolls of enchant weapon {unknown}
 h - 3 scrolls of noise {unknown}
 l - 4 scrolls of identify {unknown}
 o - 2 scrolls of immolation
 r - 2 scrolls of fear {unknown}
Potions
 e - a potion of cancellation {unknown}
 i - 2 potions of attraction {unknown}
 j - 3 potions of degeneration {unknown}
 k - a potion of magic {unknown}
 m - 2 potions of brilliance {unknown}
 n - a potion of resistance {unknown}
 p - 2 potions of lignification {unknown}
 s - a potion of haste {unknown}
 t - a potion of curing {unknown}


   Skills:
 + Level 6.7 Fighting
 - Level 4.0 Ranged Weapons
 - Level 1.7 Dodging
 - Level 2.1 Stealth


You had 5 spell levels left.
You didn't know any spells.
Your spell library was empty.

Dungeon Overview and Level Annotations

Branches:
Dungeon (4/15)
 Temple: D:4-7

Altars:
Trog
The Shining One

Annotations:
D:3 exclusion: necrophage, Grinder


Innate Abilities, Weirdness & Mutations

You cannot be hasted, slowed, berserked, paralysed or teleported.
You can dig through walls and to a lower floor.
You have a pair of large antennae on your head. (SInv)
Your four strong arms can wield two-handed weapons with a shield.


Message History

a - a +0 shortbow (weapon)
You now have 274 gold pieces (gained 10).
A jelly comes into view.
The jelly quivers.
You shoot an arrow. The arrow hits the jelly!
You hear a shout!
An ogre comes into view. It is wielding a +0 giant spiked club.
You shoot an arrow. The arrow hits the jelly!
The jelly hits you but does no damage. The jelly hits you.
You are splashed with acid!
You shoot an arrow. The arrow barely misses the jelly.
The jelly barely misses you.
Fire: a) +0 shortbow
Aim: a jelly (almost dead, 91% to hit)
You shoot an arrow. The arrow hits the jelly.
You kill the jelly!
Trog accepts your kill. The ogre misses you.
Fire: a) +0 shortbow
Aim: an ogre, wielding a +0 giant spiked club (79% to hit)
You shoot an arrow. The arrow hits the ogre.
The ogre barely misses you.
Fire: a) +0 shortbow
Aim: an ogre, wielding a +0 giant spiked club (lightly wounded, 79% to hit)
You shoot an arrow. The arrow hits the ogre.
The ogre hits you with a +0 giant spiked club!!
Fire: a) +0 shortbow
Aim: an ogre, wielding a +0 giant spiked club (moderately wounded, 79% to hit)
You shoot an arrow. The arrow hits the ogre.
The ogre hits you with a +0 giant spiked club!
* * * LOW HITPOINT WARNING * * *
Fire: a) +0 shortbow
Aim: an ogre, wielding a +0 giant spiked club (moderately wounded, 79% to hit)
You shoot an arrow. The arrow hits the ogre.
Fire: a) +0 shortbow
Aim: an ogre, wielding a +0 giant spiked club (moderately wounded, 79% to hit)
You shoot an arrow. The arrow hits the ogre.
The ogre hits you with a +0 giant spiked club!!
Ouch! That really hurt!
You die...

###########
#.........#
#.........#
#.........#
######.........#
#..............#
#.####.....@<..#
#.# #......O..#
#.#
#....###....#
#.# #...## #.#.#
#.# #...# ...#
#.# #<#.# #..
#.# #.##. ...
#.# #.# #. #.
#.# #.# #.


You could see an ogre.

Vanquished Creatures
  A jelly (D:4)
  2 hounds (D:4)
  An iguana (D:3)
  5 adders
  A white imp (D:3)
  2 worms (D:2)
  9 orcs
  9 ball pythons
  4 endoplasms
  A giant cockroach (D:1)
  7 hobgoblins
  4 jackals (D:1)
  5 quokkas
  4 frilled lizards
  5 goblins
  A goblin skeleton (D:3)
  A goblin zombie (D:3)
  10 kobolds
  2 kobold skeletons (D:3)
  2 orc zombies (D:3)
  6 rats
82 creatures vanquished.

Notes
Turn   | Place    | Note
-------+----------+-------------------------------------------
     0 | D:1      | Colgate the Formicid Hunter began the quest for the Orb.
     0 | D:1      | Reached XP level 1. HP: 16/16 MP: 1/1
   355 | D:1      | Reached XP level 2. HP: 23/23 MP: 2/2
   571 | D:1      | Reached skill level 3 in Fighting
   621 | D:1      | You fall into a shaft and drop 1 floor!
   654 | D:2      | Reached XP level 3. HP: 20/29 MP: 3/3
  1521 | D:2      | Reached skill level 4 in Fighting
  1521 | D:2      | Reached XP level 4. HP: 32/37 MP: 4/4
  1739 | D:2      | Found a faded altar of an unknown god.
  1749 | D:2      | Prayed at the altar of an unknown god.
  1749 | D:2      | Became a worshipper of Trog the Wrathful
  1749 | D:2      | Reached * piety under Trog
  2554 | D:3      | Noticed a necrophage
  2608 | D:3      | Reached skill level 5 in Fighting
  2608 | D:3      | Reached XP level 5. HP: 34/44 MP: 5/5
  2881 | D:3      | Found a glowing golden altar of the Shining One.
  3526 | D:3      | Noticed Grinder
  4094 | D:4      | Reached skill level 6 in Fighting
  4094 | D:4      | Reached XP level 6. HP: 50/52 MP: 6/6
  4326 | D:4      | Noticed an ogre
  4334 | D:4      | Demolished by an ogre

Illustrated notes

Levels and vault maps discovered:
D:1:      dpeg_arrival_tiny_g, layout_basic
D:2:      layout_loops_ring, nicolae_ecumenical_oubliette,
          kennysheep_generic_room_15
D:3:      layout_loops_ring, nicolae_tso_besieged_by_evil, uniq_grinder
D:4:      layout_loops_ring, minmay_ruined_shrine

Skill      XL: |  1  2  3  4  5 |
---------------+----------------+-----
Stealth        | 2 |  2.1
Fighting       | 3 4 5 6 |  6.7
Ranged Weapons | |  4.0
Dodging        | |  1.7

Action                   |  1- 3 |  4- 6 || total
-------------------------+-------+-------++-------
Melee: Dagger            |     4 |    57 ||    61
       Punch             |       |     1 ||     1
 Fire: Shortbow          |   102 |   105 ||   207
 Abil: Dig               |     1 |     1 ||     2
Armor: Leather armour    |    12 |     9 ||    21
Dodge: Dodged            |    27 |    39 ||    66
